Unix NetHack Version 3.7.0-102 Work-in-progress - last build Apr 6 2024 13:22:21 (d302a6a9ff6341f1a922d8f5af178406b35fdf99,branch:master). Game began 2024-05-05 08:43:36, ended 2024-05-05 09:30:17. elenmirie, neutral female gnomish Archeologist ---- -..| -0..| ---.)|.| .....-|.-- :e:f.-|<)| -@....--.| ----...|.| ---..| |..| --.. Elenmirie the Investigator St:15 Dx:9 Co:14 In:12 Wi:16 Ch:11 Neutral Dlvl:4 $:9 HP:0(40) Pw:27(27) AC:4 Xp:6/476 T:5022 Latest messages: You hit the floating eye. You are frozen by the floating eye's gaze! The newt misses! The newt bites! The newt bites! The newt bites! The newt just misses! The newt misses! The newt bites! The newt bites! The newt bites! The newt bites! The newt bites! The newt bites! The newt bites! The newt just misses! The newt bites! The newt bites! The newt bites! The newt bites! The newt misses! The newt misses! The newt bites! The newt bites! The newt bites! The newt misses! The newt bites! The newt bites! The newt bites! The newt bites! The newt bites! The newt bites! The newt bites! The newt bites! The newt misses! You hear crashing rock. The newt bites! The newt bites! The newt bites! The newt misses! The newt bites! The newt misses! The newt bites! The newt bites! You die... Do you want your possessions identified? [ynq] (y) y Do you want to see your attributes? [ynq] (y) y Do you want an account of creatures vanquished? [ynaq] (y) y Do you want to see your conduct and achievements? [ynq] (y) y Do you want to see the dungeon overview? [ynq] (y) y Inventory: Coins $ - 9 gold pieces Weapons E - an uncursed +1 dagger named +1 y - an uncursed +0 dagger named +0 a - the uncursed rustproof +0 Magicbane (weapon in right hand) L - an uncursed +2 bullwhip Armor j - an uncursed +0 orcish helm (being worn) H - an uncursed +0 elven mithril-coat (being worn) Comestibles d - 5 uncursed food rations Wands A - an uncursed wand of cold (0:4) B - an uncursed wand of cold (0:2) R - a blessed wand of digging (0:4) l - an uncursed wand of striking (0:1) Tools w - an uncursed sack containing 14 items t - an uncursed tinning kit (0:47) Gems/Stones g - an uncursed touchstone Contents of the sack: 1126 gold pieces an uncursed scroll of confuse monster an uncursed scroll of create monster a blessed scroll of destroy armor an uncursed scroll of enchant armor a blessed scroll of genocide a cursed scroll of gold detection an uncursed scroll of light an uncursed potion of healing a cursed potion of healing an uncursed potion of monster detection an uncursed potion of oil a cursed potion of sickness an uncursed +0 pick-axe Elenmirie the Archeologist's attributes: Background: You were an Investigator, a level 6 female gnomish Archeologist. You were neutral, on a mission for Camaxtli who was opposed by Quetzalcoatl (lawful) and Huhetotl (chaotic). You were right-handed. You were in the Gnomish Mines, on level 4. You entered the dungeon 5022 turns ago. You had 476 experience points, 164 more were needed to attain level 7. Basics: You had 0 out of 40 hit points. You had all 27 energy points (spell power). Your armor class was 4. Your wallet contained 9 zorkmids, and you had 1126 more stashed away in your pack. Autopickup was on for '$' plus thrown. Final Characteristics: Your strength was 15 (limit:18/50). Your dexterity was 9 (limit:18). Your constitution was 14 (limit:18). Your intelligence was 12 (limit:19). Your wisdom was 16 (limit:18). Your charisma was 11 (limit:18). Final Status: You weren't hungry. You were unencumbered. You were wielding a dagger. You had basic skill with dagger. Final Attributes: You were piously aligned. You were magic-protected. You were telepathic. You had automatic searching. You had infravision. You were stealthy. You were guarded. You are dead. Miscellaneous: You never encountered a bones level. Total elapsed playing time was 46 minutes and 37 seconds. Major events: Turn 1: elenmirie the neutral female gnomish Archeologist entered the dungeon 1191: attained the rank of Field Worker (level 3) 1489: entered the Gnomish Mines 3325: was bestowed with Magicbane by Camaxtli 4470: attained the rank of Investigator (level 6) 5022: killed by a newt, while frozen by a floating eye's gaze Vanquished creatures: 2 leprechauns a blue jelly a human zombie a bugbear 4 Uruk-hai an orc shaman a pony a fog cloud 2 yellow lights a shrieker a straw golem 2 floating eyes a homunculus a kobold leader a kobold shaman 2 hill orcs 4 rothes 2 giant bats a dwarf zombie 4 iguanas a gas spore 3 hobbits 5 manes a large kobold 3 garter snakes 9 geckos 10 jackals 2 goblins a sewer rat 6 grid bugs a bat 6 lichens 3 kobold zombies 7 newts 92 creatures vanquished. No species were genocided or became extinct. Voluntary challenges: You were illiterate. You never engraved Elbereth. You never genocided any monsters. You never polymorphed an object. You never changed form. You used no wishes. Achievements: You entered a shop. You attained the rank of Field Worker. You entered the Gnomish Mines. You attained the rank of Investigator. The Dungeons of Doom: levels 1 to 5 Level 1: Level 2: An altar to Camaxtli, a fountain. Level 3: Stairs down to The Gnomish Mines. Level 4: Level 5: Some fountains. The Gnomish Mines: Level 4: <- You were here. Final resting place for you, killed by a newt, while frozen by a floating eye's gaze. Game over: ---------- / \ / REST \ / IN \ / PEACE \ / \ | elenmirie | | 1135 Au | | killed by a newt | | | | | | | | 2024 | *| * * * | * _________)/\\_//(\/(/\)/\//\/|_)_______ Goodbye elenmirie the Archeologist... You died in The Gnomish Mines on dungeon level 4 with 3146 points, and 1135 pieces of gold, after 5022 moves. You were level 6 with a maximum of 40 hit points when you died.